 Dungeon Crawl Stone Soup version 0.30-a0-613-gdd512c7efb (webtiles) character file.

Game seed: 17177336479546176900

494 pokeman the Magician (level 6, 0/35 HPs)
             Began as a Deep Elf Hedge Wizard on Jan 8, 2023.
             Slain by a kobold
             ... wielding a +0 short sword
              (4 damage)
             ... on level 3 of the Dungeon.
             The game lasted 00:06:07 (4025 turns).

pokeman the Magician (Deep Elf Hedge Wizard)        Turns: 4025, Time: 00:06:07

Health: 0/35       AC:  8    Str:  7    XL:     6   Next: 92%
Magic:  1/18       EV: 12    Int: 21    God:
Gold:   120        SH:  0    Dex: 14    Spells: 8/19 levels left

rFire   . . .      SeeInvis .    a - +0 dagger
rCold   + . .      Faith    .    (no shield)
rNeg    . . .      Spirit   .    v - +2 leather armour {rC+}
rPois   .          Reflect  .    e - +0 helmet
rElec   .          Harm     .    l - +0 cloak
rCorr   .          Rampage  .    (no gloves)
Will    .....                    p - +0 pair of boots
Stlth   ++                       (no amulet)
HPRegen 0.25/turn                (no ring)
MPRegen 0.16/turn                (no ring)

@: no status effects
A: no striking features
a: no special abilities


You were on level 3 of the Dungeon.
You visited 1 branch of the dungeon, and saw 4 of its levels.

You collected 120 gold pieces.

Inventory:

Hand Weapons
 a - a +0 dagger (weapon)
Armour
 e - a +0 helmet (worn)
 l - a +0 cloak (worn)
 p - a +0 pair of boots (worn)
 v - a +2 leather armour of cold resistance (worn)
Magical Staves
 i - a staff of air
Jewellery
 k - a ring of fire
Scrolls
 f - a scroll of fog {unknown}
 g - a scroll of magic mapping {unknown}
 h - 6 scrolls of identify {unknown}
 j - a scroll of fear {unknown}
 m - a scroll of vulnerability {unknown}
 n - a scroll of noise {unknown}
 q - 2 scrolls of teleportation {unknown}
 t - 2 scrolls of immolation {unknown}
 w - a scroll of blinking {unknown}
 x - a scroll of amnesia {unknown}
 y - a scroll of brand weapon {unknown}
Potions
 b - a potion of heal wounds {unknown}
 c - 2 potions of brilliance {unknown}
 d - a potion of magic
 o - a potion of lignification {unknown}
 r - a potion of resistance {unknown}
 s - a potion of mutation {unknown}
 u - 2 potions of curing {unknown}
 z - a potion of might {unknown}


   Skills:
 - Level 1.7 Fighting
 - Level 1.7 Armour
 - Level 3.1 Dodging
 - Level 3.2 Stealth
 * Level 7.4 Spellcasting
 + Level 3.6 Conjurations
 - Level 1.1 Summonings
 - Level 1.1 Translocations
 + Level 0.9 Air Magic
 - Level 1.0 Earth Magic
 + Level 0.0 Poison Magic


You had 8 spell levels left.
You knew the following spells:

 Your Spells              Type           Power      Damage    Failure   Level
a - Magic Dart            Conj           92%        1d7       2%          1
b - Mephitic Cloud        Conj/Pois/Air  14%        N/A       21%         3
c - Call Imp              Summ           12%        N/A       12%         2
d - Blink                 Tloc           24%        N/A       12%         2
e - Stone Arrow           Conj/Erth      34%        3d9       14%         3

Your spell library contained the following spells:

 Spells                   Type           Power      Damage    Failure   Level
 Sandblast                Erth           24%        2d8       8%          1
 Slow                     Hex            28%        N/A       12%         1
 Cigotuvi's Dreadful Rot  Necr/Pois/Air  18%        N/A       16%         2
 Passwall                 Tmut/Erth      8%         N/A       16%         2
 Animate Armour           Summ/Erth      24%        N/A       61%         4
 Summon Forest            Summ/Tloc      6%         N/A       91%         5
 Blade Hands              Tmut           3%         N/A       98%         5
 Eringya's Noxious Bog    Tmut/Pois      3%         N/A       100%        6
 Iron Shot                Conj/Erth      8%         9d3       100%        6
 Summon Hydra             Summ           6%         N/A       100%        7


Dungeon Overview and Level Annotations

Branches:
Dungeon (4/15)
 Temple: D:4-7

Altars:
Ru
Wu Jian

Shops:
D:1 [

Annotations:
D:3 2 runed translucent doors, Splishie's ghost, amateur GnWn


Message History

Casting: Magic Dart (safe; 3% risk of failure)
Confirm with . or Enter, or press ? or * to list all spells.
Aiming: Magic Dart (safe; 3% risk of failure)
Press: ? - help, Shift-Dir - straight line, f/p - ogre
Aim: an ogre, wielding a +0 giant club (severely wounded, 100% to hit)
The magic dart hits the ogre.
The ogre is almost dead.
The ogre hits you with a +0 giant club!
Casting: Magic Dart (safe; 3% risk of failure)
Confirm with . or Enter, or press ? or * to list all spells.
Aiming: Magic Dart (safe; 3% risk of failure)
Press: ? - help, Shift-Dir - straight line, f/p - ogre
Aim: an ogre, wielding a +0 giant club (almost dead, 100% to hit)
The magic dart hits the ogre but does no damage.
The ogre is almost dead.
The ogre hits you with a +0 giant club!
* * * LOW HITPOINT WARNING * * *
Unknown command.
Casting: Magic Dart (safe; 3% risk of failure)
Confirm with . or Enter, or press ? or * to list all spells.
Aiming: Magic Dart (safe; 3% risk of failure)
Press: ? - help, Shift-Dir - straight line, f/p - ogre
Aim: an ogre, wielding a +0 giant club (almost dead, 100% to hit)
The magic dart hits the ogre.
The ogre is almost dead.
Unknown command.
Casting: Magic Dart (safe; 3% risk of failure)
Confirm with . or Enter, or press ? or * to list all spells.
Aiming: Magic Dart (safe; 3% risk of failure)
Press: ? - help, Shift-Dir - straight line, f/p - ogre
Aim: an ogre, wielding a +0 giant club (almost dead, 100% to hit)
The magic dart hits the ogre.
You kill the ogre!
The kobold misses you.
Your Earth Magic skill increases to level 1!
Unknown command.
Unknown command.
The kobold attacks as you move away!
The kobold hits you with a +0 short sword.
You die...

#........## ##.##.#####>..######
#........# #.##...............
#........## ##.....[........#...
##.......#.###.##..)............#
...............##..#####...######
##.......##........# #...#
###.#######..####.## #...#
........# #..####K# #...#
........# #.....@.# #...#
..#.###.####.###########.#.##
.............# #....###.###
.....##.###### #####.###.#....#
#.#####.# ##.....###..#.#.###
#.......# ###..#.....#.##.#.#.#
#.......# #........#.........#.
######### #........###.##......
###++####....##<..#.#


You could see a kobold.

Vanquished Creatures
  Sigmund (D:2)
  An ice beast (D:3)
  An ogre (D:3)
  Jessica (D:3)
  3 gnolls (D:2)
  3 adders (D:2)
  4 worms
  A dart slug (D:1)
  An orc (D:3)
  9 endoplasms
  4 giant cockroaches
  2 goblins
  5 hobgoblins
  3 quokkas
  5 ball pythons
  4 bats
  2 frilled lizards
  5 kobolds
  13 rats
68 creatures vanquished.

Vanquished Creatures (collateral kills)
  A worm (D:2)
1 creature vanquished.

Grand Total: 69 creatures vanquished

Notes
Turn   | Place    | Note
-------+----------+-------------------------------------------
     0 | D:1      | pokeman the Deep Elf Hedge Wizard began the quest for the
                  | Orb.
     0 | D:1      | Reached XP level 1. HP: 10/10 MP: 7/7
   300 | D:1      | Found Qautey's Armour Emporium.
   324 | D:1      | Reached XP level 2. HP: 12/16 MP: 2/9
  1034 | D:1      | Reached skill level 5 in Spellcasting
  1521 | D:2      | Reached XP level 3. HP: 20/20 MP: 8/11
  1525 | D:2      | Learned a level 3 spell: Mephitic Cloud
  1528 | D:2      | Learned a level 2 spell: Call Imp
  1531 | D:2      | Learned a level 2 spell: Blink
  1535 | D:2      | Learned a level 3 spell: Stone Arrow
  1545 | D:2      | Found an ornate altar of the Wu Jian Council.
  1875 | D:2      | Noticed Sigmund
  1899 | D:2      | Killed Sigmund
  1900 | D:2      | Reached skill level 1 in Fighting
  1900 | D:2      | Reached skill level 1 in Armour
  1900 | D:2      | Reached skill level 6 in Spellcasting
  1900 | D:2      | Reached XP level 4. HP: 23/26 MP: 7/14
  1900 | D:2      | Reached XP level 5. HP: 27/30 MP: 7/15
  2661 | D:2      | Reached XP level 6. HP: 33/35 MP: 4/17
  2962 | D:3      | Noticed an ice beast
  2968 | D:3      | Found a sacrificial altar of Ru.
  2976 | D:3      | Killed an ice beast
  2977 | D:3      | Reached skill level 7 in Spellcasting
  3272 | D:3      | Found a large runed translucent door.
  3272 | D:3      | Found a large runed translucent door.
  3276 | D:3      | Noticed Splishie's ghost (amateur GnWn)
  3488 | D:3      | Noticed Jessica
  3490 | D:3      | Killed Jessica
  4021 | D:3      | Reached skill level 1 in Earth Magic
  4025 | D:3      | Slain by a kobold

Illustrated notes

Levels and vault maps discovered:
D:1:      minmay_arrival_up_and_down, layout_basic, serial_shops, shop
D:2:      minmay_door_path, layout_basic, basic_altar, uniq_sigmund
D:3:      layout_loops_cross, nicolae_ru_path_of_blood,
          ebering_ghost_disaster_area, kennysheep_nub, uniq_jessica
D:4:      layout_gridville, grunt_gozag_breadcrumbs, grunt_ministairs_15,
          dk_noncrumbling_4, roderic_roman_lattice, minmay_circle_x, uniq_robin

Skill      XL: |  1  2  3  4  5  6 |
---------------+-------------------+-----
Spellcasting   | 5 6 7 |  7.4
Fighting       | 1 |  1.7
Armour         | 1 |  1.7
Conjurations   | 2 3 |  3.6
Dodging        | 3 |  3.1
Stealth        | 3 |  3.2
Earth Magic    | 1 |  1.0
Summonings     | |  1.1
Translocations | |  1.1
Air Magic      | |  0.9

Action                   |  1- 3 |  4- 6 || total
-------------------------+-------+-------++-------
Melee: Dagger            |    13 |    15 ||    28
 Cast: Magic Dart        |    83 |   114 ||   197
       Call Imp          |     4 |     2 ||     6
       Mephitic Cloud    |     1 |     3 ||     4
       Stone Arrow       |       |     5 ||     5
       Blink             |       |     1 ||     1
 Stab: Confused          |       |     1 ||     1
Armor: Robe              |     3 |     3 ||     6
       Leather armour    |       |     7 ||     7
Dodge: Dodged            |    14 |    22 ||    36

Table legend: (Time is in decaauts)
 A = Elapsed time spent in this place.
 B = Non-inter-level travel time spent in this place.
 C = Inter-level travel time spent in this place.
 D = Time resting spent in this place.
 E = Time spent auto-exploring this place.
 F = Levels seen in this place.
 G = Mean time per level.
                   A        B        C        D        E       F      G
               +--------+--------+--------+--------+--------+-----+--------+
         Total |   4024 |   3980 |     44 |     42 |   3449 |   4 | 1006.0 |
       Dungeon |   4024 |   3980 |     44 |     42 |   3449 |   4 | 1006.0 |
               +--------+--------+--------+--------+--------+-----+--------+

Top non-repeatable levels by time:
     D:2: 1554 daAuts
     D:1: 1339 daAuts
     D:3: 1118 daAuts
     D:4: 12 daAuts
